 Dungeon Crawl Stone Soup version 0.18-a0-19-g8b99b3a (webtiles) character file.

86 4thArraOfDagon the Chopper (level 4, 0/40 HPs)
             Began as a Hill Orc Fighter on Nov 1, 2015.
             Succumbed to an adder's poison
             ... on level 3 of the Dungeon.
             The game lasted 00:02:30 (505 turns).

4thArraOfDagon the Chopper (Hill Orc Fighter)        Turns: 505, Time: 00:02:31

Health: 0/40       AC:  7    Str: 23    XL:     4   Next: 49%
Magic:  4/4        EV:  9    Int:  9    God:
Gold:   56         SH:  0    Dex: 10    Spells: 0 memorised, 3 levels left

rFire  . . .     SeeInvis .     a - +0 war axe
rCold  . . .     Clarity  .     b - +0 scale mail
rNeg   . . .     SustAt   .     (no shield)
rPois  .         Gourm    .     (no helmet)
rElec  .         Spirit   .     (no cloak)
rCorr  .         Warding  .     (no gloves)
rMut   .         Stasis   .     (no boots)
MR     .....                    (no amulet)
Stlth  ..........               (no ring)
                                (no ring)

@: mighty, lethally poisoned (0 -> -1), not resistant to hostile enchantments,
extremely unstealthy
A: high mp 1
a: no special abilities


You were on level 3 of the Dungeon.
You were not hungry.

You visited 1 branch of the dungeon, and saw 4 of its levels.

You collected 78 gold pieces.
You spent 22 gold pieces at shops.

Inventory:

Hand Weapons
 a - a +0 war axe (weapon)
Armour
 b - a +0 scale mail (worn)
Scrolls
 g - a scroll of enchant armour {unknown}
 h - 2 scrolls of enchant weapon {unknown}
Potions
 c - a potion of flight
 d - a potion of might
Books
 j - a book of Frost

   Spells                             Type                      Level
   a - Freeze                         Ice                          1
   b - Throw Frost                    Conjuration/Ice              2
   c - Ozocubu's Armour               Charms/Ice                   3
   d - Throw Icicle                   Conjuration/Ice              4
   e - Summon Ice Beast               Ice/Summoning                4
   f - Condensation Shield            Ice                          4
Comestibles
 e - a bread ration
 f - a chunk of flesh
 i - a beef jerky
 k - a meat ration


   Skills:
 + Level 4.2 Fighting
 * Level 4.7 Axes
 + Level 4.1 Armour
   Level 3.2 Shields


You had 3 spell levels left.
You didn't know any spells.

Dungeon Overview and Level Annotations

Branches:
Dungeon (4/15)
 Temple: D:4-7

Altars:

Shops:
D:4 ?


Innate Abilities, Weirdness & Mutations

You have an increased reservoir of magic (+10% MP).


Message History

You barely miss the adder.
The adder is severely wounded.
You feel sick.
The goblin shoots a stone.
The stone hits you but does no damage. The adder misses you.
The adder closely misses you.
Unknown command.
You closely miss the adder.
The adder is severely wounded.
The goblin shoots a stone.
The stone closely misses you. The adder barely misses you.
The goblin shoots a stone.
The stone hits you.
* * * LOW HITPOINT WARNING * * *
Unknown command.
Your scale mail prevents you from hitting the adder.
The adder is severely wounded.
The adder completely misses you. x2
The goblin shoots a stone.
The stone barely misses you.
Unknown command.
You slash the adder!
You kill the adder!
You die...

...................####........
##.###............[# #########
##..##.............#
###.###..############ # .#
#..##.......%.# #
#..##.........# #
#..##.........# #..##.....)...#
#....(..g(@..(#
#...#####'####### ##..
#.......... #.. #.......... #..
............ #...............
#...............
..>.............
.............#.


You could see a goblin.

Vanquished Creatures
  7 adders
  3 orcs (D:3)
  4 giant cockroaches (D:3)
  3 goblins
  2 hobgoblins
  2 bats (D:3)
  2 giant newts
  A kobold (D:1)
  2 rats (D:2)
26 creatures vanquished.

Notes
Turn   | Place    | Note
--------------------------------------------------------------
     0 | D:1      | 4thArraOfDagon the Hill Orc Fighter began the quest for the Orb.
     0 | D:1      | Reached XP level 1. HP: 19/19 MP: 1/1
   184 | D:3      | Reached XP level 2. HP: 17/27 MP: 2/2
   195 | D:3      | Gained mutation: You have an increased reservoir of magic (+10% MP). [potion of beneficial mutation]
   222 | D:3      | Reached XP level 3. HP: 6/33 MP: 3/3
   274 | D:4      | Reached skill level 4 in Fighting
   290 | D:4      | Found Osalak's Magic Scroll Emporium.
   295 | D:4      | Bought a scroll of identify for 22 gold pieces
   422 | D:3      | Reached XP level 4. HP: 26/40 MP: 4/4
   503 | D:3      | HP: 1/40 [goblin/stone (6)]
   505 | D:3      | Succumbed to an adder's poison

Vault maps used:
D:1:      eino_arrival_cavern_e, st_stairs_1, minivault_14,
          minmay_misc_feat_diagonals
D:4:      minmay_temple_entry_statues, serial_shops, kennysheep_little_box,
          uniq_robin

Action                   |  1- 3 |  4- 6 || total
-------------------------+-------+-------++-------
Melee: War axe           |    84 |    31 ||   115
  Use: Potion            |     2 |     1 ||     3
       Scroll            |     1 |       ||     1
